 Dungeon Crawl Stone Soup version 0.28-a0-500-g121bc3e445 (webtiles) character file.

Game seed: 16012644935157405769

23 Shayle the Skirmisher (level 3, 0/39 HPs)
             Began as an Ogre Warper on Sept 20, 2021.
             Slain by Natasha (7 damage)
             ... on level 2 of the Dungeon.
             The game lasted 00:04:25 (1176 turns).

Shayle the Skirmisher (Ogre Warper)                 Turns: 1176, Time: 00:04:26

Health: 0/39       AC:  3    Str: 15    XL:     3   Next: 0%
Magic:  6/6        EV:  9    Int: 15    God:
Gold:   35         SH:  0    Dex:  8    Spells: 6/6 levels left

rFire   . . .      SeeInvis .   a - +0 spear
rCold   . . .      Faith    .   (no shield)
rNeg    . . .      Spirit   .   b - +0 robe
rPois   .          Reflect  .   (helmet restricted)
rElec   .          Harm     .   (no cloak)
rCorr   .          Rampage  .   (gloves unavailable)
Will    .....                   (boots unavailable)
Stlth   +.........              (no amulet)
HPRegen 0.13/turn               (no ring)
MPRegen 0.10/turn               (no ring)

@: attractive, slowed, very slow
A: large, unfitting armour, tough skin 1
a: no special abilities


You were on level 2 of the Dungeon.
You visited 1 branch of the dungeon, and saw 2 of its levels.

You collected 35 gold pieces.

Inventory:

Hand Weapons
 a - a +0 spear (weapon)
Missiles
 d - 5 boomerangs of dispersal (quivered)
Armour
 b - a +0 robe (worn)
Jewellery
 j - a ring of ice
Scrolls
 c - a scroll of blinking
 f - a scroll of magic mapping {unknown}
 g - a scroll of holy word {unknown}
 h - a scroll of noise {unknown}
 i - a scroll of amnesia {unknown}
 k - a scroll of teleportation {unknown}


   Skills:
 + Level 3.7 Fighting
 + Level 2.7 Polearms
 - Level 1.0 Throwing
 - Level 2.1 Dodging
 - Level 2.4 Spellcasting
 - Level 2.6 Translocations


You had 6 spell levels left.
You didn't know any spells.
Your spell library contained the following spells:

 Spells                   Type           Power      Damage    Failure   Level
 Blink                    Tloc           N/A        N/A       11%         2
 Gell's Gravitas          Tloc           4%         N/A       22%         3
 Lesser Beckoning         Tloc           9%         N/A       22%         3
 Teleport Other           Tloc           9%         N/A       22%         3
 Manifold Assault         Tloc           9%         N/A       89%         5


Dungeon Overview and Level Annotations

Branches:
Dungeon (2/15)

Altars:

Annotations:
D:2 Natasha


Innate Abilities, Weirdness & Mutations

You are too large for most types of armour.
You have tough skin. (AC +1)


Message History

The hobgoblin is lightly wounded.
The hobgoblin hits you but does no damage.
You hit the hobgoblin.
The hobgoblin is almost dead.
The hobgoblin hits you.
You barely miss the hobgoblin.
The hobgoblin is almost dead.
The hobgoblin hits you.
You hit the hobgoblin.
You kill the hobgoblin!
You have reached level 3!
Your experience leads to an increase in your attributes!
Increase (S)trength, (I)ntelligence, or (D)exterity?
You feel clever.
You feel stronger.
There is a stone staircase leading up here.
Natasha hisses angrily.
The hobgoblin shouts!
Natasha casts a spell at you.
You feel yourself slow down.
Natasha casts a spell.
Natasha wildly gestures.
You feel disoriented. Natasha claws you. x2
You hit Natasha.
Natasha is moderately wounded.
Natasha claws you.
You hit Natasha but do no damage.
Natasha is moderately wounded.
Natasha stares at you and mumbles some strange words.
The magic dart hits you. Natasha claws you.
It was a potion of attraction.
You feel attractive to monsters.
Natasha stares at you and mumbles some strange words.
The magic dart hits you!
* * * LOW HITPOINT WARNING * * *
Okay, then.
You closely miss Natasha.
Natasha is moderately wounded.
Natasha closely misses you. Natasha claws you!
You die...

##........#
..........#
##........#
..........#
#........#
#.....†..#
#......<.#
#.####.###.# #. #.#
#@# ####.## #.# #h#
....... #.# #5###
.......##.###g.$#
.......#........#
.......#.#......#
................##
.................##
........g.........#


You could see Natasha, a white imp (summoned) and a hobgoblin.

Vanquished Creatures
  4 bats (D:1)
  4 endoplasms (D:1)
  2 goblins (D:1)
  2 hobgoblins
  A quokka (D:1)
  A ball python (D:1)
  A kobold (D:1)
  8 rats
23 creatures vanquished.

Notes
Turn   | Place    | Note
-------+----------+-------------------------------------------
     0 | D:1      | Shayle the Ogre Warper began the quest for the Orb.
     0 | D:1      | Reached XP level 1. HP: 22/22 MP: 3/3
   115 | D:1      | Reached skill level 3 in Fighting
   165 | D:1      | Reached XP level 2. HP: 27/31 MP: 5/5
   727 | D:1      | Found a faded altar of an unknown god.
  1012 | D:2      | Noticed Natasha
  1164 | D:2      | Reached XP level 3. HP: 31/39 MP: 6/6
  1176 | D:2      | Slain by Natasha

Illustrated notes

Levels and vault maps discovered:
D:1:      tarquinn_simple_flora_water_e, layout_loops_ring,
          hellmonk_ecumenical_altar_slurped_away
D:2:      layout_rooms, basic_altar, uniq_crazy_yiuf_cottage, uniq_natasha

Skill      XL: |  1 |
---------------+----+-----
Fighting       | 3 |  3.7
Polearms       | |  2.7
Throwing       | |  1.0
Dodging        | |  2.1
Spellcasting   | |  2.4
Translocations | |  2.6

Action                   || total
-------------------------++-------
Melee: Spear             ||   111
  Use: Potion            ||     1
 Stab: Sleeping          ||     1
Armor: Robe              ||    65
Dodge: Dodged            ||    55

Table legend: (Time is in decaauts)
 A = Elapsed time spent in this place.
 B = Non-inter-level travel time spent in this place.
 C = Inter-level travel time spent in this place.
 D = Time resting spent in this place.
 E = Time spent auto-exploring this place.
 F = Levels seen in this place.
 G = Mean time per level.
                   A        B        C        D        E       F      G
               +--------+--------+--------+--------+--------+-----+--------+
         Total |   1187 |   1161 |     26 |    112 |    766 |   2 |  593.5 |
       Dungeon |   1187 |   1161 |     26 |    112 |    766 |   2 |  593.5 |
               +--------+--------+--------+--------+--------+-----+--------+

Top non-repeatable levels by time:
     D:1: 1139 daAuts
     D:2: 47 daAuts
